 Dungeon Crawl Stone Soup version 0.20.0-15-g7f486f2 (webtiles) character file.

82 renl the Caller (level 4, 0/33 HPs)
             Began as a Draconian Summoner on June 25, 2017.
             Slain by a jackal (2 damage)
             ... on level 3 of the Dungeon.
             The game lasted 00:15:12 (2097 turns).

renl the Caller (Draconian Summoner)                Turns: 2097, Time: 00:15:12

Health: 0/33       AC:  5    Str: 10    XL:     4   Next: 21%
Magic:  1/8        EV: 14    Int: 16    God:
Gold:   158        SH:  0    Dex: 12    Spells: 5/8 levels left

rFire    . . .     SeeInvis .   (no weapon)
rCold    . . .     Gourm    .   (no shield)
rNeg     . . .     Faith    .   (armour unavailable)
rPois    .         Spirit   .   (helmet restricted)
rElec    .         Reflect  .   (no cloak)
rCorr    .         Harm     .   (no gloves)
MR       .....                  (no boots)
Stlth    ++........             (no amulet)
Regen    0.2/turn               o - +2 ring of evasion
MPRegen  0.2/turn               (no ring)

@: lethally poisoned (0 -> -9)
A: unfitting armour, cold-blooded, AC +5
a: no special abilities


You were on level 3 of the Dungeon.
You were not hungry.

You visited 1 branch of the dungeon, and saw 3 of its levels.

You collected 158 gold pieces.

Inventory:

Jewellery
 o - a +2 ring of evasion (left hand)
Scrolls
 i - 2 scrolls of teleportation {unknown}
 m - 2 scrolls of random uselessness {unknown}
Potions
 d - a potion of brilliance {unknown}
 e - 2 potions of curing
 g - 2 potions of might {unknown}
 h - a potion of mutation {unknown}
 k - 2 potions of cancellation {unknown}
 l - a potion of degeneration {unknown}
 r - a potion of agility {unknown}
Books
 a - a book of Callings

   Spells                             Type                      Level
   a - Summon Small Mammal            Summoning                    1
   b - Call Imp                       Summoning                    2
   c - Call Canine Familiar           Summoning                    3
   d - Summon Guardian Golem          Hexes/Summoning              3
   e - Summon Lightning Spire         Summoning/Air                4
   f - Summon Ice Beast               Ice/Summoning                4
Comestibles
 b - a bread ration
 j - a royal jelly
 n - 2 meat rations
 s - 4 chunks of flesh


   Skills:
 - Level 1.7 Dodging
 - Level 1.7 Stealth
 + Level 2.6 Spellcasting
 * Level 5.3 Summonings


You had 5 spell levels left.
You knew the following spells:

 Your Spells              Type           Power        Failure   Level  Hunger
a - Summon Small Mammal   Summ           ###.         2%          1    #......
b - Call Imp              Summ           ###.....     3%          2    ##.....


Dungeon Overview and Level Annotations

Branches:
Dungeon (3/15)

Altars:
The Shining One

Annotations:
D:3 Natasha, Sigmund


Innate Abilities, Weirdness & Mutations

Your plain brown scales are hard. (AC +5)
You cannot fit into any form of body armour.
You are cold-blooded and may be slowed by cold attacks.


Message History

Your shadow imp hits something but does no damage.
As you read the scroll labeled HOUXEYMEAS, it crumbles to dust.
It is a scroll of recharging.
You aren't carrying any rechargeable items.
* * * LOW HITPOINT WARNING * * *
You feel sick.
The orc shouts!
The bat hits you but does no damage.
The jackal bites you but does no damage. x2
The jackal closely misses you.
The jackal bites you but does no damage.
Something barely misses you.
Something bites your shadow imp but does no damage.
Natasha casts a spell.
The jackal bites you.
* * * LOW HITPOINT WARNING * * *
The jackal closely misses you.
Your shadow imp hits something.
The jackal stops to sniff the ground.
The jackal bites you.
You die...

*,,,,,*,,,,,,,,,,*
******#...g.,,,,,*
#....<,,,,,*
###..o.,,>,,,*
#.....,,,,,,,*
#..S.#********
#..l.# #.hhh#
#.§@h# #†§h5#
#########b...#
###########
#.....!.l5...#
#.........#
#.........####
#.........#
#.........#
#...[...).#
#....5.5..#
#....5...?+
#..(......#
#.........#
#.........#
#.........#


You could see Natasha, an adder, a shadow imp, an orc, a leopard gecko, 4
jackals, a hobgoblin (wandering), a bat, a friendly crimson imp and a friendly
shadow imp.

Vanquished Creatures
  An ooze (D:2)
  A giant cockroach (D:3)
  5 goblins
  A hobgoblin (D:1)
  A jackal (D:1)
  3 kobolds
  A quokka (D:3)
  3 bats
  3 frilled lizards
  A rat (D:2)
20 creatures vanquished.

Vanquished Creatures (collateral kills)
  2 gnolls
  4 adders (D:2)
  3 worms
  A leopard gecko (D:1)
  2 giant cockroaches (D:2)
  7 goblins
  6 hobgoblins
  4 jackals
  A quokka (D:2)
  4 bats
  A frilled lizard (D:1)
  A kobold (D:1)
  4 rats
40 creatures vanquished.

Grand Total: 60 creatures vanquished

Notes
Turn   | Place    | Note
-------+----------+-------------------------------------------
     0 | D:1      | renl the Draconian Summoner began the quest for the Orb.
     0 | D:1      | Reached XP level 1. HP: 14/14 MP: 3/3
   255 | D:1      | Reached XP level 2. HP: 17/20 MP: 0/5
  1084 | D:2      | Reached XP level 3. HP: 25/26 MP: 3/6
  1195 | D:2      | Learned a level 2 spell: Call Imp
  1205 | D:2      | Reached skill level 5 in Summonings
  1655 | D:2      | Found a glowing golden altar of the Shining One.
  1924 | D:3      | Reached XP level 4. HP: 20/33 MP: 4/7
  2076 | D:3      | Noticed Sigmund
  2082 | D:3      | Noticed Natasha
  2097 | D:3      | Slain by a jackal

Skill      XL: |  1  2  3 |
---------------+----------+-----
Summonings     | 5 |  5.3
Dodging        | |  1.7
Stealth        | |  1.7
Spellcasting   | |  2.6

Action                   |  1- 3 |  4- 6 || total
-------------------------+-------+-------++-------
Melee: Unarmed           |   137 |     8 ||   145
       Tailslap          |    11 |     3 ||    14
 Cast: Summon Small Mamm |    29 |       ||    29
       Call Imp          |    16 |    11 ||    27
  Use: Scroll            |       |     4 ||     4
 Stab: Sleeping          |     1 |       ||     1
       Distracted        |     1 |       ||     1
  Eat: Chunk             |     4 |     2 ||     6
Armor: Skin              |    56 |    14 ||    70
Dodge: Dodged            |    80 |    47 ||   127
